 Dungeon Crawl Stone Soup version 0.30-a0-728-gc68057be0a (webtiles) character file.

Game seed: 3346510019205400062

18314 BigDaddyOpFi the Cleaver (level 12, -2/111 HPs)
             Began as a Hill Orc Fighter on Jan 31, 2023.
             Was an Elder of Beogh.
             Killed by divine providence
             ... invoked by a meliai
              (12 damage)
             ... on level 13 of the Dungeon.
             The game lasted 00:18:25 (17396 turns).

BigDaddyOpFi the Cleaver (Hill Orc Fighter)        Turns: 17396, Time: 00:18:25

Health: -2/111     AC: 20    Str: 30    XL:     12   Next: 57%
Magic:  20/20      EV:  8    Int:  8    God:    Beogh [****..]
Gold:   744        SH: 16    Dex: 10    Spells: 11/11 levels left

rFire   . . .      SeeInvis +    s - +6 war axe of the Whelk {protect, rC- rCorr Str+6}
rCold   x . .      Faith    .    d - +0 kite shield
rNeg    + . .      Spirit   .    f - +0 chain mail
rPois   .          Reflect  +    (helmet restricted)
rElec   .          Harm     .    (no cloak)
rCorr   +          Rampage  .    x - +0 pair of gloves
Will    .....                    (no boots) Stlth
                                 C - amulet of reflection
HPRegen 0.38/turn                j - ring of positive energy
MPRegen 0.17/turn                F - ring of see invisible

@: lethally poisoned (-2 -> -4), under a protective aura, hasted, very quick
A: antennae 2, no potion heal 1
a: Renounce Religion, Smiting, Recall Orcish Followers


You were on level 13 of the Dungeon.
You worshipped Beogh.
Beogh was greatly pleased with you.
You visited 2 branches of the dungeon, and saw 14 of its levels.

You collected 744 gold pieces.

Inventory:

Hand Weapons
 a - a +2 war axe of venom
 c - the +2 quarterstaff of Makhleb's Reproof {drain, rElec rPois}
   (You found it on level 6 of the Dungeon)

   rElec:     It insulates you from electricity.
   rPois:     It protects you from poison.
 n - a +2 mace of protection
 p - the +0 dagger of Conscience {drain, rF+ Str+2 Int+4 Dex-3}
   (You found it on level 3 of the Dungeon)

   Str:       It affects your strength (+2).
   Int:       It affects your intelligence (+4).
   Dex:       It affects your dexterity (-3).
   rF:        It protects you from fire.
 s - the +6 war axe of the Whelk (weapon) {protect, rC- rCorr Str+6}
   (You found it on level 4 of the Dungeon)

   Str:       It affects your strength (+6).
   rC:        It makes you vulnerable to cold.
   rCorr:     It protects you from acid and corrosion.
 y - the +4 falchion "Jyth" {antimagic, rF++ Int-4 Dex+3}
   (You found it on level 8 of the Dungeon)

   Int:       It affects your intelligence (-4).
   Dex:       It affects your dexterity (+3).
   rF:        It greatly protects you from fire.
Missiles
 b - 3 throwing nets
Armour
 d - a +0 kite shield (worn)
 f - a +0 chain mail (worn)
 x - a +0 pair of gloves (worn)
Jewellery
 e - a ring of ice
 h - a ring of fire
 j - a ring of positive energy (left hand)
 q - a ring of wizardry
 v - a ring of wizardry
 C - an amulet of reflection (around neck)
 E - a ring of wizardry
 F - a ring of see invisible (right hand)
 K - an amulet of faith
 N - a ring of protection from cold
 Q - a ring of resist corrosion
Wands
 t - a wand of polymorph (8)
 u - a wand of flame (26) (quivered)
 D - a wand of charming (1)
 J - a wand of iceblast (3)
 M - a wand of quicksilver (4)
Scrolls
 i - 2 scrolls of butterflies
 k - 2 scrolls of magic mapping
 l - 11 scrolls of teleportation
 m - 6 scrolls of identify
 o - a scroll of fear
 r - 2 scrolls of blinking
 w - 3 scrolls of amnesia
 O - a scroll of enchant armour {unknown}
 P - a scroll of acquirement {unknown}
Potions
 g - a potion of resistance {unknown}
 z - a potion of degeneration
 A - a potion of haste
 B - 2 potions of brilliance
 G - a potion of cancellation {unknown}
 H - a potion of invisibility


   Skills:
 + Level 11.7 Fighting
 + Level 12.3 Axes
 + Level 10.7 Armour
 + Level 10.7 Shields
 + Level 11.4 Invocations


You had 11 spell levels left.
You didn't know any spells.
Your spell library contained the following spells:

 Spells                   Type           Power      Damage    Failure   Level
 Freeze                   Ice            0%         1d3       98%         1
 Sandblast                Erth           0%         2d4       98%         1
 Passwall                 Tmut/Erth      0%         N/A       99%         2
 Frozen Ramparts          Ice            0%         1d1       100%        3
 Hailstorm                Conj/Ice       0%         3d3       100%        3
 Stone Arrow              Conj/Erth      0%         3d7       100%        3
 Summon Forest            Summ/Tloc      0%         N/A       100%        5
 Summon Mana Viper        Hex/Summ       0%         N/A       100%        5
 Summon Cactus Giant      Summ           0%         N/A       100%        6


Dungeon Overview and Level Annotations

Branches:
Dungeon (13/15)            Temple (1/1) D:4            Lair (0/5) D:10
    Orc (0/2) D:10
 Vaults: D:13-14

Altars:
Ashenzari
Cheibriados
Dithmenos
Elyvilon
Fedhas
Gozag
Hepliaklqana
Kikubaaqudgha
Makhleb
Nemelex Xobeh
Okawaru
Qazlal
Ru
Sif Muna
Trog
Uskayaw
Vehumet
Wu Jian
Xom
Yredelemnul
Zin
The Shining One

Shops:
D:5 =   D:6 !   D:10 (   D:11 !

Annotations:
D:6 3 runed translucent doors, Valagong's ghost, novice MiFi


Innate Abilities, Weirdness & Mutations

You have a pair of antennae on your head.
Potions are less effective at restoring your health.


Message History

The meliai hits you with a +0 broad axe!
You block the meliai's attack.
You miss the meliai.
The meliai is lightly wounded.
You feel very sick.
The meliai calls down the wrath of its god upon you.
Something smites you!
The meliai invokes the aid of its god against you.
Something smites you!
You slash the meliai!
The meliai is almost dead.
You feel sick.
The meliai hits you with a +0 broad axe.
* * * LOW HITPOINT WARNING * * *
The meliai stings you but does no damage.
You block the meliai's attack. x2
You feel yourself speed up.
You feel sick. The meliai hits you but does no damage.
You block the meliai's attack. x2
The meliai stings you.
* * * LOW HITPOINT WARNING * * *
You hit the meliai.
You kill the meliai!
Beogh accepts your kill.
Beogh appreciates your killing of a heretic priest.
You feel sick. The tengu conjurer blocks your attack.
You feel sick.
The tengu conjurer hits you but does no damage.
The tengu conjurer pecks you but does no damage.
The tengu conjurer claws you but does no damage.
The tengu conjurer blocks your attack.
You feel sick.
The meliai mumbles some strange prayers to its god against you.
Something smites you!
* * * LOW HITPOINT WARNING * * *
The tengu conjurer hits you but does no damage.
You block the tengu conjurer's attack.
The tengu conjurer claws you but does no damage.
You closely miss the tengu conjurer.
The meliai calls down the wrath of its god upon you.
Something smites you!
You die...

### .. . ..#.# # ...# #. ....
#.# #*Q # #..###Q#y.###
#...o@....... ####o######## ..#
#.# #.# ##.## #.##.# ## ...#
#...###.# #+## ###..# ####o#.#
##...## .....# ####.# ##.....##
##.#.# ##.##.###.......##
#...>##########...#.##.........#


You could see 2 tengu conjurers, a meliai, a battlesphere (distracted), a
friendly orc warrior and a friendly orc wizard (invisible).

Vanquished Creatures
  Josephine (D:10)
  Harold (D:11)
  A boulder beetle (D:13)
  Pikel (D:6)
  An ugly thing (D:11)
  A manticore (D:11)
  A cyclops (D:13)
  Joseph (D:7)
  An unseen horror (D:12)
  7 gargoyles (D:12)
  A rime drake (D:10)
  3 kobold demonologists
  A komodo dragon (D:12)
  A polar bear (D:10)
  2 meliai (D:13)
  A vampire (D:11)
  2 wyverns
  5 wraiths (D:10)
  Eustachio (Temple)
  14 yaks
  Grum (D:8)
  A basilisk (D:12)
  A steam dragon (D:6)
  11 vampire mosquitoes
  An acid dragon (D:11)
  Edmund (D:6)
  A water moccasin (D:6)
  2 orc warriors
  6 ice beasts
  A black bear (D:5)
  A sky beast (D:8)
  2 ogres
  5 wolves
  2 centaurs
  2 lemures (D:6)
  10 kobold brigands
  2 gnoll sergeants
  2 bullfrogs
  2 scorpions
  A necrophage (D:7)
  10 wights
  3 hounds
  7 orc priests
  3 iguanas
  9 orc wizards
  16 gnolls
  12 adders
  2 shadow imps (D:5)
  3 white imps (D:5)
  2 ufetubi
  A worm (D:2)
  A dart slug (D:3)
  18 orcs
  6 ball pythons
  5 endoplasms
  8 giant cockroaches
  9 goblins
  9 hobgoblins
  8 jackals
  6 quokkas
  5 bats
  2 frilled lizards
  34 kobolds
  12 rats
293 creatures vanquished.

Vanquished Creatures (collateral kills)
  A boulder beetle (D:12)
  2 trolls (D:12)
  4 vampire mosquitoes (D:12)
  A gnoll sergeant (D:12)
  A howler monkey (D:13)
  2 orc priests
  2 gnolls (D:12)
  An orc (D:10)
  A kobold (D:11)
  3 training dummies (D:10)
18 creatures vanquished.

Vanquished Creatures (others)
  An orc high priest (D:13)
  An orc sorcerer (D:13)
  An orc warrior (D:11)
  An orc wizard (D:13)
  2 orcs
  A kobold (D:8)
  5 fungi
  3 plants (D:6)
15 creatures vanquished.

Grand Total: 326 creatures vanquished

Notes
Turn   | Place    | Note
-------+----------+-------------------------------------------
     0 | D:1      | BigDaddyOpFi the Hill Orc Fighter began the quest for the
                  | Orb.
     0 | D:1      | Reached XP level 1. HP: 19/19 MP: 1/1
   140 | D:1      | Reached skill level 3 in Axes
   140 | D:1      | Reached XP level 2. HP: 27/27 MP: 2/2
   775 | D:1      | Reached XP level 3. HP: 33/33 MP: 3/3
  1017 | D:2      | Reached XP level 4. HP: 34/40 MP: 4/4
  1544 | D:2      | Reached skill level 4 in Axes
  1777 | D:3      | Noticed an ice beast
  1786 | D:3      | Killed an ice beast
  1787 | D:3      | Reached XP level 5. HP: 33/47 MP: 5/5
  1854 | D:3      | Found a sparkling altar of Nemelex Xobeh.
  1988 | D:3      | Became a worshipper of Beogh the Brigand
  2072 | D:3      | Reached skill level 5 in Fighting
  2072 | D:3      | Reached XP level 6. HP: 56/56 MP: 6/6
  2139 | D:3      | Reached skill level 1 in Invocations
  2155 | D:3      | Reached skill level 5 in Axes
  2447 | D:3      | Identified the +0 dagger of Conscience {drain, rF+ Str+2
                  | Int+4 Dex-3}
  2658 | D:4      | Found a staircase to the Ecumenical Temple.
  2663 | D:4      | Noticed Eustachio
  2701 | D:4      | Gained mutation: Potions are less effective at restoring
                  | your health. [potion of mutation]
  2701 | D:4      | Gained mutation: You have a pair of small antennae on your
                  | head. [potion of mutation]
  2701 | D:4      | Gained mutation: You have a pair of antennae on your head.
                  | [potion of mutation]
  2706 | Temple   | Entered the Ecumenical Temple
  3223 | Temple   | Killed Eustachio
  3224 | Temple   | Reached skill level 5 in Armour
  3224 | Temple   | Reached skill level 5 in Shields
  3224 | Temple   | Reached XP level 7. HP: 34/61 MP: 8/8
  3681 | D:4      | Found a snail-covered altar of Cheibriados.
  3989 | D:4      | Reached * piety under Beogh
  4348 | D:4      | Found a shimmering altar of Xom.
  4350 | D:4      | Found a shimmering altar of Xom.
  4353 | D:4      | Found a shimmering altar of Xom.
  4506 | D:4      | Identified the +6 war axe of the Whelk {protect, rC- rCorr
                  | Str+6}
  4659 | D:4      | Found a hazy altar of Hepliaklqana.
  4920 | D:5      | Entered Level 5 of the Dungeon
  4956 | D:5      | Reached XP level 8. HP: 63/70 MP: 10/10
  5032 | D:5      | Reached skill level 6 in Axes
  5178 | D:5      | Found a hide-covered altar of Uskayaw.
  5277 | D:5      | You fall into a shaft and drop 2 floors!
  5318 | D:7      | Noticed Pikel
  5332 | D:6      | Found Baogeab's Distillery.
  5349 | D:5      | Found a radiant altar of Vehumet.
  5650 | D:5      | Found Daaxt's Jewellery Shop.
  6217 | D:6      | Noticed Edmund
  6227 | D:6      | Killed Edmund
  6335 | D:6      | Found a runed translucent gate.
  6343 | D:6      | Reached ** piety under Beogh
  6477 | D:6      | Found a broken altar of Ashenzari.
  6512 | D:6      | Identified the +2 quarterstaff of Makhleb's Reproof {drain,
                  | rElec rPois}
  6525 | D:6      | Reached skill level 5 in Invocations
  6588 | D:6      | Found a burning altar of Makhleb.
  6642 | D:6      | Found a runed translucent gate.
  6642 | D:6      | Found a runed translucent gate.
  6643 | D:6      | Noticed a kobold demonologist
  6643 | D:6      | Noticed Valagong's ghost (novice MiFi)
  6650 | D:6      | Reached skill level 7 in Axes
  6778 | D:6      | Found a white marble altar of Elyvilon.
  6822 | D:6      | Reached XP level 9. HP: 76/79 MP: 12/12
  7267 | D:6      | Killed Pikel
  7961 | D:7      | Noticed Joseph
  7971 | D:7      | Killed Joseph
  7972 | D:7      | Reached skill level 8 in Axes
  8219 | D:8      | Identified the +4 falchion "Jyth" {antimagic, rF++ Int-4
                  | Dex+3}
  8333 | D:8      | Noticed Grum
  8359 | D:8      | Killed Grum
  8360 | D:8      | Reached XP level 10. HP: 15/90 MP: 15/15
  8934 | D:8      | Found a shimmering blue altar of Sif Muna.
  9543 | D:8      | Reached skill level 9 in Axes
 11637 | D:9      | Found a basalt altar of Yredelemnul.
 11757 | D:9      | Reached *** piety under Beogh
 11865 | D:9      | Found a stormy altar of Qazlal.
 11987 | D:9      | Found a glowing silver altar of Zin.
 12203 | D:10     | Entered Level 10 of the Dungeon
 12239 | D:10     | Noticed Josephine
 12255 | D:10     | Killed Josephine
 12256 | D:10     | Reached skill level 10 in Axes
 12261 | D:10     | Reached XP level 11. HP: 39/99 MP: 17/17
 12490 | D:10     | Reached skill level 10 in Fighting
 12493 | D:10     | Found a staircase to the Lair.
 13090 | D:10     | Found a staircase to the Orcish Mines.
 13131 | D:10     | Noticed a sixfirhy
 13378 | D:10     | Found a blossoming altar of Fedhas.
 13380 | D:10     | Found Kaviw's Firing Range.
 13811 | D:11     | Noticed a purple ugly thing
 13812 | D:11     | Noticed a manticore
 13831 | D:11     | Killed a purple ugly thing
 13831 | D:11     | Reached **** piety under Beogh
 13834 | D:11     | Killed a manticore
 13842 | D:11     | Reached skill level 11 in Axes
 13847 | D:11     | Reached skill level 10 in Invocations
 14288 | D:11     | Found a frozen archway.
 14357 | D:11     | Noticed Harold
 14367 | D:11     | Killed Harold
 14562 | D:11     | Found Xygimyi's Distillery.
 14700 | D:12     | Reached skill level 10 in Shields
 14702 | D:12     | Reached skill level 10 in Armour
 14828 | D:12     | Reached XP level 12. HP: 104/110 MP: 19/19
 15112 | D:12     | Noticed a boulder beetle
 15131 | D:12     | Killed a boulder beetle
 15740 | D:12     | Reached skill level 12 in Axes
 15758 | D:12     | Gained Brandogh as an ally
 16154 | D:13     | Reached ***** piety under Beogh
 16848 | D:13     | Noticed a two-headed ogre
 16849 | D:13     | Noticed a centaur warrior
 16853 | D:13     | Noticed a vault guard
 16863 | D:13     | Your ally Brandogh died
 17304 | D:13     | Noticed a boulder beetle
 17320 | D:13     | Killed a boulder beetle
 17396 | D:13     | Killed from afar by a meliai

Illustrated notes

Levels and vault maps discovered:
D:1:      dpeg_arrival_renting, layout_loops_ring, due_unseen_surprise
D:2:      layout_basic, minmay_between
D:3:      cheibrodos_thug_alley, layout_basic, mainiacjoe_overflow_catwalk,
          kennysheep_donut
D:4:      layout_basic, lemuel_coloured_pillars_altar, old_standard_altar,
          xom_redecorated, minmay_temple_entry_proselytizer,
          eino_small_chamber_without_monster, minmay_fractal_squares_diagonal_5,
          uniq_eustachio
D:5:      layout_loops_cross, mainiacjoe_overflow_surrounded_room,
          vehumet_altar_wand_db, minmay_shop_enchanted_jewellery
D:6:      layout_layer_cave, mainiacjoe_overflow_cross_hatched,
          lemuel_tele_altar, mainiacjoe_overflow_concentric_impassable,
          serial_shops, shop, gammafunk_ghost_nasty_kobolds, uniq_edmund
D:7:      layout_rooms, uniq_joseph, uniq_pikel
D:8:      layout_basic, kennysheep_orc_sif_temple, serial_curves,
          eino_curves_04, eino_curves_01, fungi_pond_lemuel,
          chequers_serial_rivers_micro_c, uniq_grum
D:9:      layout_irregular_city, grunt_qazlal_sundering, zin_academy,
          mainiacjoe_overflow_paths
D:10:     layout_roguey, amcnicky_altar_gilded, hellmonk_lair_entry_icy,
          orc_0_dummy, nicolae_shop_firing_range, uniq_josephine
D:11:     layout_loops_cross, serial_shops, kennysheep_little_box,
          portal_ice_cave_entry_pillars_2, uniq_harold
D:12:     cheibrodos_statue_roulette, layout_long_grid
D:13:     layout_loops_corners, david_vaults_5, nicolae_stop_n_shop_2
Temple:   hellmonk_temple_rainy

Skill      XL: |  1  2  3  4  5  6  7  8  9 10 11 12 |
---------------+-------------------------------------+-----
Axes           | 3 4 5 7 8 10 11 12 | 12.3
Fighting       | 4 5 6 7 8 9 11 | 11.7
Armour         | 4 5 6 7 8 10 | 10.7
Shields        | 4 5 6 7 8 10 | 10.7
Invocations    | 2 3 5 7 8 10 11 | 11.4

Action                     |  1- 3 |  4- 6 |  7- 9 | 10-12 || total
---------------------------+-------+-------+-------+-------++-------
  Melee: War axe           |    92 |   149 |   246 |   424 ||   911
         Dagger            |       |    20 |       |       ||    20
         Mace              |       |    17 |       |       ||    17
  Throw: Throwing net      |       |       |       |     1 ||     1
 Invoke: Convert to Beogh  |       |     1 |       |       ||     1
         Recall Orcish Fol |       |       |       |     1 ||     1
  Evoke: Wand              |       |       |       |     3 ||     3
    Use: Potion            |     2 |     3 |     6 |     5 ||    16
         Scroll            |       |     8 |     3 |     6 ||    17
   Stab: Invisible         |     1 |       |       |       ||     1
         Distracted        |       |       |       |     2 ||     2
         Confused          |       |       |       |     1 ||     1
 Armour: Scale mail        |    50 |    99 |    10 |       ||   159
         Chain mail        |       |       |   150 |   217 ||   367
  Dodge: Dodged            |    44 |    95 |   101 |   105 ||   345
  Block: Buckler           |    17 |    48 |    33 |       ||    98
         Kite shield       |       |       |    59 |   388 ||   447
         Reflection        |       |       |       |    13 ||    13

Table legend: (Time is in decaauts)
 A = Elapsed time spent in this place.
 B = Non-inter-level travel time spent in this place.
 C = Inter-level travel time spent in this place.
 D = Time resting spent in this place.
 E = Time spent auto-exploring this place.
 F = Levels seen in this place.
 G = Mean time per level.
                   A        B        C        D        E       F      G
               +--------+--------+--------+--------+--------+-----+--------+
         Total |  17603 |  17192 |    411 |   6024 |   8074 |  14 | 1257.4 |
       Dungeon |  16768 |  16357 |    411 |   5275 |   8074 |  13 | 1289.8 |
        Temple |    835 |    835 |      0 |    749 |      0 |   1 |  835.0 |
               +--------+--------+--------+--------+--------+-----+--------+

Top non-repeatable levels by time:
     D:8: 2418 daAuts
     D:9: 1809 daAuts
     D:6: 1665 daAuts
     D:4: 1467 daAuts
    D:12: 1427 daAuts
    D:10: 1289 daAuts
    D:13: 1276 daAuts
     D:5: 1200 daAuts
    D:11: 1028 daAuts
     D:3: 978 daAuts
     D:2: 926 daAuts
  Temple: 835 daAuts
     D:1: 823 daAuts
     D:7: 459 daAuts
